 Dungeon Crawl Stone Soup version 0.24-a0-433-gbe6fa4f6cc (webtiles) character file.

Game seed: 6119512157462353614

1 Gargoyl the Skirmisher (level 1, -1/19 HPs)
             Began as a Centaur Abyssal Knight on June 14, 2019.
             Was an Initiate of Lugonu.
             Slain by a goblin (4 damage)
             ... on level 1 of the Dungeon.
             The game lasted 00:00:24 (132 turns).

Gargoyl the Skirmisher (Centaur Abyssal Knight)      Turns: 132, Time: 00:00:25

Health: -1/19      AC:  5    Str: 14    XL:     1   Next: 16%
Magic:  2/2        EV:  9    Int: 11    God:    Lugonu [......]
Gold:   0          SH:  0    Dex:  8    Spells: 0/0 levels left

rFire    . . .     SeeInvis .   a - +1 hand axe
rCold    . . .     Gourm    .   (no shield)
rNeg     . . .     Faith    .   b - +0 leather armour
rPois    .         Spirit   .   (no helmet)
rElec    .         Reflect  .   (no cloak)
rCorr    .         Harm     .   d - +0 pair of gloves
MR       .....                  (no barding)
Stlth    ..........             (no amulet)
HPRegen  0.06/turn              (no ring)
MPRegen  0.08/turn              (no ring)

@: very slightly contaminated, very quick
A: large, hooves 3, deformed body, speed 2, tough skin 3
a: Renounce Religion


You were on level 1 of the Dungeon.
You worshipped Lugonu.
Lugonu was noncommittal.
You were not hungry.

You visited 1 branch of the dungeon, and saw 1 of its levels.
You visited the Abyss 1 time.

Inventory:

Hand Weapons
 a - a +1 hand axe (weapon)
Armour
 b - a +0 leather armour (worn)
 d - a +0 pair of gloves (worn)
Comestibles
 c - a ration


   Skills:
 + Level 3.0 Fighting
 + Level 1.7 Axes
 * Level 1.4 Armour
 * Level 0.6 Dodging
 * Level 2.0 Invocations


You couldn't memorise any spells.
You didn't know any spells.
Your spell library was empty.

Dungeon Overview and Level Annotations

Branches:
Dungeon (1/15)

Altars:


Innate Abilities, Weirdness & Mutations

You have hooves in place of feet.
Armour fits poorly on your strangely shaped body.
You cover ground very quickly.
You have extremely tough skin. (AC +3)


Message History

The leopard gecko barely misses you. The goblin hits you but does no damage.
The leopard gecko bites you but does no damage.
The goblin hits you.
You closely miss the leopard gecko. You kick the leopard gecko.
The leopard gecko is severely wounded.
You hit the goblin. The leopard gecko bites you.
The goblin hits you but does no damage.
You miss the leopard gecko.
The leopard gecko is severely wounded.
You closely miss the goblin. The leopard gecko bites you.
The goblin closely misses you. The leopard gecko bites you.
* * * LOW HITPOINT WARNING * * *
You closely miss the leopard gecko.
The leopard gecko is severely wounded.
You barely miss the goblin.
The leopard gecko bites you but does no damage.
The goblin hits you but does no damage.
Unknown command.
The goblin hits you.
You die...

# ... .#. ..# ..[.
#.## # ###l≈##..##.#
≈..≈....#...#
≈##.###..# ≈≈##≈≈≈..#
#≈..≈.gl.# #≈≈.≈##@##
#.≈≈.##.# #.#≈#...# #
# #.#.#.#
############# #...#.##
#............
###....###.#####.#####
#..#......###...###.
#....##....#.....#(.
#.#####.....#####...


You could see a leopard gecko and a goblin.

Vanquished Creatures
  A giant cockroach (D:1)
1 creature vanquished.

Notes
Turn   | Place    | Note
-------+----------+-------------------------------------------
     0 | Abyss:1  | Gargoyl the Centaur Abyssal Knight began the quest for the
                  | Orb.
     0 | Abyss:1  | Reached XP level 1. HP: 19/19 MP: 2/2
    62 | Abyss:1  | Noticed a smoke demon
    79 | D:1      | Escaped the Abyss
   132 | D:1      | Slain by a goblin

Levels and vault maps discovered:
D:1:      onia_arrival_pyramid, layout_loops_ring, serial_rivers,
          chequers_serial_rivers_small_a, chequers_serial_rivers_room_b,
          chequers_serial_rivers_small_b, chequers_serial_rivers_micro_a,
          chequers_serial_rivers_micro_e

Action                   || total
-------------------------++-------
Melee: Hand axe          ||    13
       Kick              ||     2
Invok: Depart the Abyss  ||     1
  Use: Scroll            ||     1
Armor: Leather armour    ||    16
Dodge: Dodged            ||     7

Table legend:
 A = Non-vault XP
 B = Vault XP
 C = Vault XP percentage of total XP
 D = Non-vault monster count
 E = Vault monster count
 F = Vault count percentage of total count
                 A         B        C        D         E       F
            +---------+---------+-------+---------+---------+-------
      Total |       2 |       0 |   0.0 |       1 |       0 |   0.0
            +---------+---------+-------+---------+---------+-------
        D:1 |       2 |       0 |   0.0 |       1 |       0 |   0.0
            +---------+---------+-------+---------+---------+-------
